 Dungeon Crawl Stone Soup version 0.30.1-11-g7821555f0a (webtiles) character file.

Game seed: 335800016848195082

267 Eitelfritz the Chopper (level 6, -2/55 HPs)
             Began as a Hill Orc Fighter on Dec 27, 2023.
             Was a Follower of Zin.
             Succumbed to a water moccasin's poison
             ... on level 5 of the Dungeon.
             The game lasted 00:07:26 (2668 turns).

Eitelfritz the Chopper (Hill Orc Fighter)           Turns: 2668, Time: 00:07:26

Health: -2/55      AC:  9    Str: 21    XL:     6   Next: 21%
Magic:  6/6        EV:  9    Int: 11    God:    Zin [*.....]
Gold:   84         SH:  4    Dex: 10    Spells: 5/5 levels left

rFire   . . .        a - +1 war axe (heavy)
rCold   + . .        B - +0 buckler
rNeg    . . .        j - +0 scale mail
rPois   .            w - +0 helmet {Int+3}
rElec   .            y - +0 cloak
rCorr   +            (no gloves)
SInv    .            (no boots)
Will    .....        (no amulet) Stlth
                     o - ring of protection from cold
HPRegen 0.29/turn    z - ring of resist corrosion
MPRegen 0.10/turn

%: no passive effects
@: lethally poisoned (-2 -> -29)
A: no striking features
a: Renounce Religion, Recite, Donate Gold


You were on level 5 of the Dungeon.
You worshipped Zin.
Zin was aware of your devotion.
You visited 1 branch of the dungeon, and saw 5 of its levels.

You collected 226 gold pieces.
You spent 120 gold pieces at shops.
You donated 22 gold pieces to Zin.

Inventory:

Hand Weapons
 a - a +1 heavy war axe (weapon)
 b - a +0 sling
 c - a +0 flail
Missiles
 f - 3 boomerangs (quivered)
 l - 6 poisoned darts
Armour
 j - a +0 scale mail (worn)
 w - a +0 helmet of intelligence (worn)
 x - a +0 chain mail
 y - a +0 cloak (worn)
 B - a +0 buckler (worn)
Jewellery
 k - an amulet of guardian spirit
 o - a ring of protection from cold (left hand)
 z - a ring of resist corrosion (right hand)
Scrolls
 h - a scroll of identify
 i - 3 scrolls of teleportation
 m - 3 scrolls of silence
 n - a scroll of magic mapping
 s - a scroll of poison
Potions
 d - a potion of might
 p - 3 potions of berserk rage
 t - a potion of brilliance
 v - 2 potions of haste
 F - a potion of attraction


   Skills:
 + Level 4.8 Fighting
 + Level 5.3 Axes
 + Level 4.6 Armour
 + Level 1.0 Dodging
 + Level 0.1 Stealth
 + Level 3.7 Shields
 * Level 1.2 Invocations


You had 5 spell levels left.
You didn't know any spells.
Your spell library contained the following spells:

 Spells                   Type           Power      Damage    Failure   Level
 Dazzling Flash           Conj/Hex       0%         N/A       98%         3
 Volatile Blastmotes      Fire/Tloc      0%         2d10      98%         3
 Iskenderun's Mystic Bla  Conj/Tloc      0%         2d3       100%        4
 Starburst                Conj/Fire      0%         6d3       100%        6


Dungeon Overview and Level Annotations

Branches:
Dungeon (5/15)
 Temple: D:4-7

Altars:
Ashenzari
Dithmenos
Nemelex Xobeh
Ru
Vehumet
Xom
Yredelemnul
Zin

Shops:
D:1 =   D:3 :   D:4 !(


Message History

The water moccasin bites you.
* * * LOW HITPOINT WARNING * * *
You are more poisoned.
The water moccasin poisons you! The orc wizard barely misses you.
Really quaff the potion of attraction?
Okay, then.
You feel much better.
You feel very sick. The water moccasin bites you.
You are lethally poisoned!
The water moccasin poisons you!
The orc wizard hits you with a +0 dagger.
* * * LOW HITPOINT WARNING * * *
The water moccasin bites you.
* * * LOW HITPOINT WARNING * * *
You feel better. The water moccasin closely misses you.
The orc wizard hits you but does no damage.
You slash the orc wizard!
You kill the orc wizard!
You slash the water moccasin! The water moccasin bites you.
* * * LOW HITPOINT WARNING * * *
You are lethally poisoned!
The water moccasin poisons you! The water moccasin barely misses you.
You block the orc's attack.
Your Invocations skill increases to level 1!
You slice the orc!!
You kill the orc!
You hit the orc. You barely miss the water moccasin.
* * * LOW HITPOINT WARNING * * *
You feel very sick. You block the water moccasin's attack.
The water moccasin bites you.
* * * LOW HITPOINT WARNING * * *
You are more poisoned.
The water moccasin poisons you! The orc hits you but does no damage.
The water moccasin closely misses you. The orc hits you but does no damage.
You slash the water moccasin!
The water moccasin is almost dead.
You slash the orc!
You kill the orc!
You die...

##..... .........
#....... ## #
#.....# .?
?.###...#.# .#..
..........###....#
#..#.........#....
#....)...<.....#
##.)@......###
#...S).####....^
#......# ####
#....... #......##
#......# ########


You could see a water moccasin.

Vanquished Creatures
  2 orc priests
  3 orc wizards
  Robin (D:3)
  5 adders
  2 worms
  A dart slug (D:2)
  13 orcs
  An endoplasm (D:4)
  A giant cockroach (D:2)
  12 goblins
  6 hobgoblins
  2 quokkas
  7 ball pythons
  3 bats
  3 frilled lizards
  4 kobolds
  3 rats
69 creatures vanquished.

Notes
Turn   | Place    | Note
-------+----------+-------------------------------------------
     0 | D:1      | Eitelfritz the Hill Orc Fighter began the quest for the
                  | Orb.
     0 | D:1      | Reached XP level 1. HP: 19/19 MP: 1/1
   172 | D:1      | Found Isiss's Jewellery Boutique.
   205 | D:1      | Found a faded altar of an unknown god.
   277 | D:1      | Reached XP level 2. HP: 26/27 MP: 2/2
   319 | D:1      | Reached skill level 3 in Axes
   979 | D:2      | Reached XP level 3. HP: 33/33 MP: 3/3
  1015 | D:2      | Identified the +4 flail "Goblinbane" {freeze, rN+}
  1303 | D:3      | Noticed Robin
  1343 | D:3      | HP: 1/34 [goblin/+0 dagger[Robin] (3)]
  1348 | D:3      | Killed Robin
  1349 | D:3      | Reached XP level 4. HP: 7/41 MP: 4/4
  1542 | D:3      | Reached skill level 4 in Axes
  1545 | D:3      | HP: 2/41 [orc/+0 whip (2)]
  1814 | D:3      | Found Jeushr Lahium's Book Boutique.
  1947 | D:3      | Reached XP level 5. HP: 45/47 MP: 5/5
  2004 | D:4      | Found Filom's Weapon Shoppe.
  2202 | D:4      | Found a glowing silver altar of Zin.
  2204 | D:4      | Found a broken altar of Ashenzari.
  2207 | D:4      | Found a sacrificial altar of Ru.
  2207 | D:4      | Found a radiant altar of Vehumet.
  2207 | D:4      | Found a sparkling altar of Nemelex Xobeh.
  2207 | D:4      | Found a shimmering altar of Xom.
  2207 | D:4      | Found a basalt altar of Yredelemnul.
  2238 | D:4      | Reached skill level 5 in Axes
  2243 | D:4      | Found a shadowy altar of Dithmenos.
  2246 | D:4      | Became a worshipper of Zin the Law-Giver
  2246 | D:4      | Reached * piety under Zin
  2335 | D:4      | Reached skill level 1 in Dodging
  2449 | D:4      | Found Davoxa's Distillery.
  2452 | D:4      | Bought a potion of degeneration for 10 gold pieces
  2452 | D:4      | Bought a potion of lignification for 30 gold pieces
  2452 | D:4      | Bought a potion of attraction for 30 gold pieces
  2452 | D:4      | Bought a potion of heal wounds for 50 gold pieces
  2656 | D:5      | Entered Level 5 of the Dungeon
  2656 | D:5      | Noticed a water moccasin
  2661 | D:5      | Reached XP level 6. HP: 17/55 MP: 6/6
  2667 | D:5      | Reached skill level 1 in Invocations
  2668 | D:5      | Succumbed to a water moccasin's poison

Illustrated notes

Levels and vault maps discovered:
D:1:      minmay_arrival_four_houses, layout_loops_ring,
          dreamdust_ecumenical_altar_hidden_monk_grotto, serial_shops, shop
D:2:      layout_rooms
D:3:      layout_rooms, serial_shops, shop, uniq_robin
D:4:      layout_rooms, grunt_temple_overflow_open, serial_shops,
          nicolae_shop_real_fake_doors, shop_fountains, palyth_stone_intersect
D:5:      layout_rooms, nicolae_overflow_crystal_walls, enter_ossuary_1,
          st_stairs_3

Skill      XL: |  1  2  3  4  5  6 |
---------------+-------------------+-----
Axes           | 3 4 5 |  5.3
Fighting       | 4 |  4.8
Armour         | 4 |  4.6
Dodging        | 1 |  1.0
Invocations    | 1 |  1.2
Stealth        | |  0.1
Shields        | |  3.7

Action                     |  1- 3 |  4- 6 || total
---------------------------+-------+-------++-------
  Melee: War axe           |    88 |   102 ||   190
    Use: Potion            |     2 |     3 ||     5
         Scroll            |       |    13 ||    13
 Armour: Scale mail        |    60 |    48 ||   108
  Dodge: Dodged            |    52 |    54 ||   106
  Block: Buckler           |    15 |    25 ||    40
